 Dungeon Crawl Stone Soup version 0.31.0-11-ge490571c62 (webtiles) character file.

Game seed: 4892497213667545144

44 SnakkuSnakku7 the Magician (level 3, 0/28 HPs)
             Began as a Mummy Alchemist on Jan 26, 2024.
             Slain by a gnoll
             ... wielding a +0 club
              (3 damage)
             ... on level 2 of the Dungeon.
             The game lasted 00:01:47 (1387 turns).

SnakkuSnakku7 the Magician (Mummy Alchemist)        Turns: 1387, Time: 00:01:47

Health: 0/28       AC:  2    Str: 13    XL:     3   Next: 41%
Magic:  7/7        EV: 12    Int: 14    God:
Gold:   92         SH:  0    Dex: 12    Spells: 6/7 levels left

rFire   x . .        a - +0 hand axe
rCold   + . .        (no shield)
rNeg    + + +        f - +0 robe
rPois   ∞            (no helmet)
rElec   .            b - scarf {repulsion}
rCorr   .            (no gloves)
SInv    .            (no boots)
Will    .....        (no amulet)
Stlth   ++           (no ring)
HPRegen 0.24/turn    (no ring)
MPRegen 0.10/turn

%: repel missiles, faith
@: no status effects
A: cold resistance 1, negative energy resistance 3, torment resistance 2, heat
vulnerability 1, in touch with death 1, no potions, faith
a: no special abilities


You were on level 2 of the Dungeon.
You visited 1 branch of the dungeon, and saw 2 of its levels.

You collected 92 gold pieces.

Inventory:

Hand Weapons
 a - a +0 hand axe (weapon)
 c - a +0 club
Missiles
 d - a curare-tipped dart (quivered)
Armour
 b - a scarf of repulsion (worn)
 f - a +0 robe (worn)
Scrolls
 e - a scroll of identify {unknown}
 g - a scroll of poison {unknown}


   Skills:
 - Level 2.5 Fighting
 + Level 1.1 Axes
 - Level 1.5 Dodging
 - Level 1.5 Stealth
 - Level 2.6 Spellcasting
 - Level 0.7 Conjurations
 - Level 2.4 Alchemy


You had 6 spell levels left.
You knew the following spells:

 Your Spells              Type           Power      Damage    Failure   Level
a - Sting                 Conj/Alch      24%        1d4       12%         1

Your spell library contained the following spells:

 Spells                   Type           Power      Damage    Failure   Level
 Mercury Vapours          Alch/Air       10%        N/A       21%         2
 Mephitic Cloud           Conj/Alch/Air  4%         N/A       41%         3
 Inner Flame              Hex/Fire       1%         N/A       54%         3
 Olgreb's Toxic Radiance  Alch           8%         N/A       63%         4
 Sticky Flame             Fire/Alch      5%         2d4       80%         4
 Irradiate                Conj/Alch      3%         3d12      97%         5
 Ignition                 Fire           0%         3d3       100%        8


Dungeon Overview and Level Annotations

Branches:
Dungeon (2/15)

Altars:


Innate Abilities, Weirdness & Mutations

You are immune to poison.
Your flesh is cold resistant. (rC+)
You are immune to negative energy. (rN+++)
You are immune to unholy pain and torment.
You are vulnerable to heat. (rF-)
You are in touch with the powers of death.
You do not drink.
You have a special connection with the divine. (Faith)


Message History

You are too injured to fight recklessly!
You are too injured to fight recklessly!
Throw: 4 darts (curare)
Press: ? - help, Q - select action, (/) - cycle Shift-Dir - straight line, f - gnoll
Aim: a gnoll, wielding a +0 halberd (lightly wounded, 58% to hit)
You throw a curare-tipped dart. The curare-tipped dart hits the gnoll.
The gnoll is poisoned.
The gnoll struggles to breathe.
The gnoll seems to slow down.
The gnoll is severely wounded.
The gnoll barely misses you.
You hit the gnoll.
You kill the gnoll!
Your Axes skill increases to level 1!
A gnoll comes into view. It is wielding a +0 club.
The gnoll shouts!
You hear a shout!
Things that are here:
a +0 halberd; a curare-tipped dart; a gnoll corpse The gnoll attacks as it pursues you!
The gnoll hits you with a +0 club.
Throw: 3 darts (curare)
Press: ? - help, Q - select action, (/) - cycle Shift-Dir - straight line, f - gnoll
Aim: a gnoll, wielding a +0 club (58% to hit)
You throw a curare-tipped dart.
The curare-tipped dart barely misses the gnoll.
The gnoll closely misses you.
You hit the gnoll.
The gnoll is heavily wounded.
The gnoll closely misses you. The gnoll hits you with a +0 club.
* * * LOW HITPOINT WARNING * * *
You hit the gnoll but do no damage.
The gnoll is heavily wounded.
The gnoll attacks as it pursues you! The gnoll hits you with a +0 club.
* * * LOW HITPOINT WARNING * * *
Throw: 2 darts (curare)
Press: ? - help, Q - select action, (/) - cycle Shift-Dir - straight line, f/p - gnoll
Aim: a gnoll, wielding a +0 club (heavily wounded, 58% to hit)
You throw a curare-tipped dart.
The curare-tipped dart barely misses the gnoll.
Unknown command.
The gnoll attacks as it pursues you! The gnoll hits you with a +0 club.
You die...

..........!.......# ########..##.
.........).##.g.### #.....###.##.
...........##.### #.....# #.##.
......÷>...##.### #.....# #....
..........)##...# #.....#####..
............)##.# #............
...#.....###..#.#####..[..######.
## ####### ##(g.g..##.....# #.
####@..#......# #.
#####.........# #.
#.............# ##
#.####........# #.# #.>......#
##.# #........# #..# #.....<..#
## ##### #.## #........#
<####...####<# #........#


You could see 2 gnolls.

Vanquished Creatures
  A gnoll (D:2)
  2 ball pythons (D:1)
  5 bats
  5 endoplasms
  2 giant cockroaches (D:1)
  4 goblins
  3 hobgoblins
  3 quokkas (D:1)
  A frilled lizard (D:1)
  A kobold (D:1)
  4 rats
31 creatures vanquished.

Notes
Turn   | Place    | Note
-------+----------+-------------------------------------------
     0 | D:1      | SnakkuSnakku7 the Mummy Alchemist began the quest for the
                  | Orb.
     0 | D:1      | Reached XP level 1. HP: 13/13 MP: 4/4
    41 | D:1      | Found a faded altar of an unknown god.
    51 | D:1      | Reached skill level 1 in Fighting
    99 | D:1      | Reached XP level 2. HP: 22/22 MP: 2/5
  1160 | D:2      | Reached XP level 3. HP: 23/28 MP: 7/7
  1379 | D:2      | Reached skill level 1 in Axes
  1387 | D:2      | Slain by a gnoll

Illustrated notes

Levels and vault maps discovered:
D:1:      mainiacjoe_arrival_oval_in_oval, layout_basic,
          chequers_ecumenical_altar_simple, amcnicky_mini_pool_small,
          hangedman_decor_opposing
D:2:      layout_rooms

Skill      XL: |  1  2  3 |
---------------+----------+-----
Fighting       | 1 2 |  2.5
Axes           | 1 |  1.1
Dodging        | |  1.5
Stealth        | |  1.5
Spellcasting   | |  2.6
Conjurations   | |  0.7
Alchemy        | |  2.4

Action                     || total
---------------------------++-------
  Melee: Unarmed           ||    14
         Punch             ||     2
         Club              ||    87
         Hand axe          ||    36
  Throw: Dart              ||     5
   Cast: Sting             ||     8
   Stab: Sleeping          ||     5
 Armour: Robe              ||   103
  Dodge: Dodged            ||   141
